 Dungeon Crawl Stone Soup version 0.25-a0-253-g6f1b5d974a (webtiles) character file.

Game seed: 3581312853202518684, levelgen mode: deterministic

1225 DavidChitty2 the Cudgeler (level 8, -1/51 HPs)
             Began as a Gargoyle Fighter on Dec 5, 2019.
             Slain by an ogre
             ... wielding a +0 giant spiked club
              (21 damage)
             ... on level 4 of the Dungeon.
             The game lasted 00:04:52 (3022 turns).

DavidChitty2 the Cudgeler (Gargoyle Fighter)        Turns: 3022, Time: 00:04:52

Health: -1/51      AC: 19    Str: 22    XL:     8   Next: 47%
Magic:  8/8        EV:  4    Int:  9    God:
Gold:   143        SH: 10    Dex:  9    Spells: 7/7 levels left

rFire    . . .     SeeInvis .   a - +0 flail
rCold    . . .     Gourm    .   c - +0 shield
rNeg     + . .     Faith    .   w - +0 plate armour
rPois    ∞         Spirit   .   (no helmet)
rElec    +         Reflect  .   u - scarf {repulsion}
rCorr    .         Harm     .   n - +0 pair of gloves
MR       .....                  (no boots)
Stlth    ..........             (no amulet)
HPRegen  0.17/turn              (no ring)
MPRegen  0.11/turn              (no ring)

@: repel missiles
A: negative energy resistance 1, electricity resistance, unbreathing,
petrification resistance, rot immunity, AC +5
a: no special abilities


You were on level 4 of the Dungeon.
You were very hungry.

You visited 1 branch of the dungeon, and saw 5 of its levels.
You also visited: Sewer.

You collected 143 gold pieces.

Inventory:

Hand Weapons
 a - a +0 flail (weapon)
Armour
 c - a +0 shield (worn)
 j - a +0 cloak
   (You took it off Crazy Yiuf on level 2 of the Dungeon)
 n - a +0 pair of gloves (worn)
   (You found it on level 2 of the Dungeon)
 u - a scarf of repulsion (worn)
   (You found it in a sewer)
 w - a +0 plate armour (worn)
   (You found it on level 5 of the Dungeon)
Jewellery
 p - a +3 ring of evasion {unknown}
   (You found it on level 2 of the Dungeon)
Wands
 d - a wand of iceblast (4)
   (You found it on level 5 of the Dungeon)
Scrolls
 h - 6 scrolls of identify {unknown}
 i - a scroll of fog {unknown}
 k - 3 scrolls of teleportation {unknown}
 l - 7 scrolls of remove curse {unknown}
 r - a scroll of enchant weapon {unknown}
 t - a scroll of random uselessness {unknown}
 x - a scroll of magic mapping {unknown}
Potions
 b - 2 potions of heal wounds {unknown}
 f - a potion of mutation {unknown}
 g - 3 potions of flight {unknown}
 m - a potion of curing {unknown}
 o - a potion of invisibility {unknown}
 q - a potion of ambrosia {unknown}
 s - a potion of degeneration {unknown}
 v - 2 potions of might
Comestibles
 e - 6 rations {!d}


   Skills:
 + Level 5.8 Fighting
 * Level 6.5 Maces & Flails
 + Level 5.8 Armour
 + Level 5.8 Shields


You had 7 spell levels left.
You didn't know any spells.
Your spell library was empty.

Dungeon Overview and Level Annotations

Branches:
Dungeon (5/15)              Sewer (visited)
 Temple: D:4-7

Altars:
Dithmenos
Okawaru
Sif Muna


Innate Abilities, Weirdness & Mutations

You are resistant to torment.
Your stone body is resilient. (AC +5)
You are immune to poison.
You resist negative energy. (rN+)
You are resistant to electric shocks. (rElec)
You can survive without breathing.
You are immune to petrification.
You are immune to rotting.


Message History

The ball python barely misses you. The ball python constricts you.
The freed slave hits the orc.
Your plate armour prevents you from hitting the ball python.
You block the ball python's attack. The ball python constricts you.
An ogre comes into view. It is wielding a +0 giant spiked club.
The ball python bites you but does no damage.
The ball python constricts you.
You hit the ball python but do no damage.
You block the orc's attack.
The ball python bites you but does no damage.
The ball python constricts you.
You thump the ball python!
You kill the ball python!
The orc barely misses you.
You hit the orc but do no damage. The orc hits you with a +0 whip.
The orc barely misses you. The orc hits you but does no damage.
You sock the orc!
You kill the orc!
The orc hits you but does no damage. You block the orc's attack.
The orc hits you but does no damage.
You sock the ogre!
The ogre hits you with a +0 giant spiked club.
You block the orc's attack. The orc hits you with a +0 war axe.
The orc hits you but does no damage.
You hit the ogre but do no damage. You block the ogre's attack.
You block the orc's attack. x2; The orc hits you but does no damage.
You hit the ogre but do no damage. You block the orc's attack.
The orc hits you but does no damage. x2
The ogre hits you with a +0 giant spiked club!
You hit the ogre. You block the orc's attack.
The orc hits you with a +0 war axe. You block the orc's attack.
The ogre hits you with a +0 giant spiked club!
* * * LOW HITPOINT WARNING * * *
You block the orc's attack. The orc hits you but does no damage.
Things that are here:
a cursed -3 whip; a +0 leather armour The orc hits you but does no damage.
You closely miss the orc. You block the orc's attack.
You thump the orc!
You kill the orc!
You block the orc's attack.
You sock the orc!
You kill the orc!
You are feeling very hungry.
You block the ogre's attack.
You sock the ogre! You barely miss the ogre.
The ogre hits you with a +0 giant spiked club!!
You die...

............## ....p..
.#....####.##.## .......
............##.## .......
###.#...##.##...... .......
.......##.#####.## .....
...........####.# #...
#..[...........#
#..)######...#.#...####.#
#.....)oO@p.............#
..........###...#.#...#.##.#
####.#....# #.......#.#.##.#
# #....###...#.#.#.#.##.#
#.....#....#.#.#.#.##..
.......+....#.#.#.#.##.#
#.#.#...###..#.#.#.#.##.#
....#...# #..#.#.#.#.# .#
#..#.#.#.#.#


You could see an ogre, an orc and a neutral freed slave (wandering).

Vanquished Creatures
  Pikel (D:4)
  Eustachio (D:4)
  A phantom (D:5)
  An ogre (D:4)
  A crocodile (Sewer)
  A crimson imp (D:5)
  A hound (D:5)
  Crazy Yiuf (D:2)
  Jessica (D:2)
  Terence (D:3)
  An iguana (D:4)
  A worker ant (D:4)
  A hound skeleton (D:4)
  3 gnolls (D:4)
  4 adders
  4 oozes
  2 worms (D:3)
  3 leopard geckos
  5 orcs
  A ball python (D:4)
  7 bats
  8 giant cockroaches
  4 goblins
  4 hobgoblins
  6 jackals
  11 kobolds
  3 quokkas
  4 frilled lizards
  4 rats
  A fungus (D:2)
87 creatures vanquished.

Vanquished Creatures (others)
  A slave (D:4)
  An orc (D:5)
2 creatures vanquished.

Grand Total: 89 creatures vanquished

Notes
Turn   | Place    | Note
-------+----------+-------------------------------------------
     0 | D:1      | DavidChitty2 the Gargoyle Fighter began the quest for the
                  | Orb.
     0 | D:1      | Reached XP level 1. HP: 14/14 MP: 1/1
   140 | D:1      | Reached XP level 2. HP: 19/19 MP: 2/2
   273 | D:1      | Reached XP level 3. HP: 23/23 MP: 3/3
   633 | D:2      | Noticed Jessica
   698 | D:2      | Killed Jessica
   698 | D:2      | Reached skill level 3 in Maces & Flails
   698 | D:2      | Reached XP level 4. HP: 27/29 MP: 4/4
  1016 | D:2      | Found a shimmering blue altar of Sif Muna.
  1019 | D:2      | Found an iron altar of Okawaru.
  1054 | D:2      | Found a shadowy altar of Dithmenos.
  1299 | D:2      | Found a runed translucent door.
  1300 | D:2      | Noticed Crazy Yiuf
  1314 | D:2      | Killed Crazy Yiuf
  1314 | D:2      | Reached XP level 5. HP: 17/33 MP: 5/5
  1589 | D:3      | Found a glowing drain.
  1638 | Sewer    | Entered a sewer
  1822 | Sewer    | Noticed a crocodile
  1839 | Sewer    | Killed a crocodile
  1839 | Sewer    | Reached skill level 4 in Maces & Flails
  1839 | Sewer    | Reached XP level 6. HP: 21/39 MP: 6/6
  2098 | D:3      | Noticed Terence
  2108 | D:3      | Killed Terence
  2246 | D:3      | You fall into a shaft and drop 2 floors!
  2246 | D:5      | Entered Level 5 of the Dungeon
  2398 | D:5      | Noticed a phantom
  2417 | D:5      | Killed a phantom
  2417 | D:5      | Reached XP level 7. HP: 44/44 MP: 7/7
  2594 | D:4      | Reached skill level 5 in Maces & Flails
  2614 | D:4      | Reached skill level 5 in Fighting
  2624 | D:4      | Reached skill level 5 in Armour
  2647 | D:4      | Noticed Eustachio
  2737 | D:4      | Killed Eustachio
  2737 | D:4      | Reached skill level 5 in Shields
  2927 | D:4      | Noticed Pikel
  2941 | D:4      | Killed Pikel
  2941 | D:4      | Reached skill level 6 in Maces & Flails
  2941 | D:4      | Reached XP level 8. HP: 51/51 MP: 8/8
  3022 | D:4      | Slain by an ogre

Levels and vault maps discovered:
D:1:      minmay_arrival_five_plusses, layout_basic
D:2:      layout_rooms, nicolae_overflow_hidden_temple,
          minmay_worlds_worst_comb, uniq_crazy_yiuf_cottage, uniq_jessica
D:3:      layout_loops_ring, portal_sewer_entry_f, nicolae_ru_awakened_eye,
          uniq_terence, uniq_ijyb
D:4:      layout_basic, elyvilon_altar_3, lemuel_doored_altar, uniq_sigmund,
          uniq_pikel, uniq_blork_the_orc, uniq_natasha, uniq_eustachio
D:5:      layout_loops_ring, lemuel_round_altar, first_ration

Skill      XL: |  1  2  3  4  5  6  7 |
---------------+----------------------+-----
Maces & Flails | 3 4 6 |  6.5
Fighting       | 4 5 |  5.8
Armour         | 4 5 |  5.8
Shields        | 4 5 |  5.8

Action                   |  1- 3 |  4- 6 |  7- 9 || total
-------------------------+-------+-------+-------++-------
Melee: Flail             |    88 |   250 |   142 ||   480
  Eat: Chunk             |       |     6 |     1 ||     7
Armor: Scale mail        |    57 |    28 |       ||    85
       Chain mail        |       |   155 |       ||   155
       Plate armour      |       |    10 |   161 ||   171
Dodge: Dodged            |    26 |    77 |    53 ||   156
Block: Shield            |    44 |   164 |   133 ||   341

Table legend:
 A = Non-vault XP
 B = Vault XP
 C = Vault XP percentage of total XP
 D = Non-vault monster count
 E = Vault monster count
 F = Vault count percentage of total count
                 A         B        C        D         E       F
            +---------+---------+-------+---------+---------+-------
      Total |     637 |    1114 |  63.6 |      66 |      20 |  23.3
            +---------+---------+-------+---------+---------+-------
        D:1 |      45 |       0 |   0.0 |      19 |       0 |   0.0
        D:2 |      58 |      84 |  59.2 |      14 |       7 |  33.3
        D:3 |      43 |      46 |  51.7 |      13 |       5 |  27.8
        D:4 |     261 |     870 |  76.9 |      12 |       2 |  14.3
        D:5 |     230 |       0 |   0.0 |       8 |       0 |   0.0
      Sewer |       0 |     114 | 100.0 |       0 |       6 | 100.0
            +---------+---------+-------+---------+---------+-------
